 Dungeon Crawl Stone Soup version 0.24-a0-520-g8fd06ad (webtiles) character file.

Game seed: 5080958575848294244

243 FrankyJ the Skirmisher (level 6, -1/52 HPs)
             Began as a Human Wanderer on June 25, 2019.
             Slain by an ogre
             ... wielding a +0 giant club
              (13 damage)
             ... on level 4 of the Dungeon on July 26, 2019.
             The game lasted 00:16:01 (3935 turns).

FrankyJ the Skirmisher (Human Wanderer)             Turns: 3935, Time: 00:16:01

Health: -1/52      AC:  5    Str: 12    XL:     6   Next: 31%
Magic:  6/6        EV: 10    Int: 13    God:
Gold:   57         SH:  0    Dex: 14    Spells: 4/5 levels left

rFire    . . .     SeeInvis .   j - +0 war axe (flame)
rCold    . . .     Gourm    .   (no shield)
rNeg     . . .     Faith    .   d - +0 ring mail
rPois    .         Spirit   .   (no helmet)
rElec    .         Reflect  .   (no cloak)
rCorr    .         Harm     .   (no gloves)
MR       .....                  (no boots)
Stlth    +.........             (no amulet)
HPRegen  0.17/turn              (no ring)
MPRegen  0.10/turn              (no ring)

@: no status effects
A: no striking features
a: no special abilities


You were on level 4 of the Dungeon.
You were not hungry.

You visited 1 branch of the dungeon, and saw 4 of its levels.

You collected 57 gold pieces.

Inventory:

Hand Weapons
 a - a +2 dagger
 j - a +0 war axe of flaming (weapon)
Missiles
 b - 2 curare-tipped darts (quivered)
 o - 8 boomerangs
Armour
 d - a +0 ring mail (worn)
Wands
 q - a wand of digging (3)
Scrolls
 e - a scroll of identify
 g - a scroll of immolation {unknown}
 h - 2 scrolls of teleportation {unknown}
 i - 2 scrolls of random uselessness {unknown}
 l - 3 scrolls of remove curse {unknown}
 r - a scroll of enchant armour {unknown}
Potions
 c - a potion of agility
 k - a potion of heal wounds
 m - a potion of resistance
 n - a potion of flight
 p - a potion of curing
Comestibles
 f - 6 rations


   Skills:
 + Level 5.9 Fighting
   Level 1.0 Maces & Flails
 - Level 2.0 Throwing
 - Level 1.0 Armour
 - Level 2.0 Conjurations
   Level 3.0 Transmutations


You had 4 spell levels left.
You knew the following spells:

 Your Spells              Type           Power        Failure   Level  Hunger
a - Sting                 Conj/Pois      #...         43%         1    ##.....

Your spell library contained the following spells:

 Spells                   Type           Power        Failure   Level  Hunger
 Spider Form              Tmut/Pois      #.........   75%         3    ####...


Dungeon Overview and Level Annotations

Branches:
Dungeon (4/15)
 Temple: D:4-7

Altars:


Message History

j - a +0 war axe of flaming (weapon)
There is a stone staircase leading up here.
You see here a +0 leather armour.
Things that are here:
a +0 whip of pain; an orc skeleton
Found a mace.
Found 23 arrows.
An ogre comes into view. It is wielding a +0 giant club.
The ogre shouts!
You see here a scroll labeled NEEN XAATAITEIKLU.
r - a scroll labeled NEEN XAATAITEIKLU You hit the ogre but do no damage.
The ogre hits you with a +0 giant club!
You slash the ogre! You burn the ogre.
The ogre is heavily wounded.
The ogre hits you with a +0 giant club!!
* * * LOW HITPOINT WARNING * * *
You closely miss the ogre.
The ogre is heavily wounded.
The ogre hits you with a +0 giant club!
You die...

.........###.....
##..##.....####.
#..##.....# #..
#.........# #..
#.###.....# #..
#.# #...).# #.#
#.# ####### #.#
#.#######.## #..
#....O@(...## ###
##.##.#.?...#
#....$......
###.....#...
##...##### ..###
###


You could see an ogre.

Vanquished Creatures
  2 orc priests (D:4)
  Ijyb (D:3)
  Natasha (twice) (D:3)
  5 adders (D:2)
  An ooze (D:1)
  A worm (D:3)
  3 dart slugs
  2 orcs (D:4)
  4 bats
  6 giant cockroaches
  7 goblins
  5 hobgoblins
  4 frilled lizards
  9 kobolds
  4 rats (D:2)
56 creatures vanquished.

Notes
Turn   | Place    | Note
-------+----------+-------------------------------------------
     0 | D:1      | FrankyJ the Human Wanderer began the quest for the Orb.
     0 | D:1      | FrankyJ set off with the following items: a +2 dagger, 3
                  | curare-tipped darts, a +0 ring mail, a ration; and the
                  | following spell memorised: Sting; and the following spells
                  | available to memorise: Spider Form
     0 | D:1      | Reached XP level 1. HP: 15/15 MP: 1/1
   142 | D:1      | Reached XP level 2. HP: 18/22 MP: 0/2
   188 | D:1      | Reached skill level 2 in Fighting
   588 | D:1      | Reached XP level 3. HP: 20/28 MP: 0/3
  1224 | D:2      | Reached skill level 3 in Fighting
  1232 | D:2      | Upgraded the game from 0.24-a0-447-ge8da920 to
                  | 0.24-a0-458-gfcb5e6d
  1488 | D:2      | Reached XP level 4. HP: 29/36 MP: 1/4
  2202 | D:2      | Reached skill level 4 in Fighting
  2531 | D:3      | Noticed Ijyb
  2581 | D:3      | Killed Ijyb
  2581 | D:3      | Reached XP level 5. HP: 22/43 MP: 0/5
  2919 | D:3      | Noticed Natasha
  2935 | D:3      | Killed Natasha
  2935 | D:3      | Reached skill level 5 in Fighting
  2978 | D:3      | Noticed Natasha
  2981 | D:3      | Killed Natasha
  3683 | D:4      | Reached XP level 6. HP: 18/51 MP: 2/6
  3693 | D:4      | Upgraded the game from 0.24-a0-458-gfcb5e6d to
                  | 0.24-a0-520-g8fd06ad
  3929 | D:4      | Noticed an ogre
  3935 | D:4      | Slain by an ogre

Levels and vault maps discovered:
D:1:      ncdulo_wetmaze, layout_basic, chequers_serial_rivers_micro_e,
          minmay_misc_feat_diagonals, serial_bayou_pond_a, nrook_loot_triangle,
          minmay_misc_feat_nine_boxes
D:2:      layout_loops_cross, st_stairs_7
D:3:      minmay_recursive_quarters, layout_basic,
          gammafunk_temple_overflow_wave, uniq_natasha, uniq_ijyb
D:4:      layout_loops_cross, bloody_trog, serial_shops, shop_fountains,
          first_ration, minmay_unequal

Skill      XL: |  1  2  3  4  5 |
---------------+----------------+-----
Fighting       | 2 3 4 5 |  5.9
Maces & Flails | |  1.0
Throwing       | |  2.0
Armour         | |  1.0
Conjurations   | |  2.0
Transmutations | |  3.0

Action                   |  1- 3 |  4- 6 || total
-------------------------+-------+-------++-------
Melee: Dagger            |    92 |   117 ||   209
       War axe           |       |     3 ||     3
Throw: Dart              |       |     1 ||     1
 Cast: Sting             |    10 |    42 ||    52
Evoke: Wand              |       |     5 ||     5
  Use: Potion            |       |     2 ||     2
       Scroll            |       |     4 ||     4
  Eat: Chunk             |     2 |     9 ||    11
       Ration            |       |     1 ||     1
Armor: Ring mail         |    32 |    49 ||    81
Dodge: Dodged            |    51 |    62 ||   113

Table legend:
 A = Non-vault XP
 B = Vault XP
 C = Vault XP percentage of total XP
 D = Non-vault monster count
 E = Vault monster count
 F = Vault count percentage of total count
                 A         B        C        D         E       F
            +---------+---------+-------+---------+---------+-------
      Total |     276 |      72 |  20.7 |      53 |       3 |   5.4
            +---------+---------+-------+---------+---------+-------
        D:1 |      31 |       0 |   0.0 |      13 |       0 |   0.0
        D:2 |      98 |       1 |   1.0 |      23 |       1 |   4.2
        D:3 |      59 |      71 |  54.6 |      13 |       2 |  13.3
        D:4 |      88 |       0 |   0.0 |       4 |       0 |   0.0
            +---------+---------+-------+---------+---------+-------
